 Dungeon Crawl Stone Soup version 0.28-a0-1505-g8c907de6ad (webtiles) character file.

Game seed: 4609980958309423486

223 sanka the Cudgeller (level 6, -4/48 (53) HPs)
             Began as a Gnoll Cinder Acolyte on Jan 13, 2022.
             Was a High Priest of Ignis.
             Slain by a wight (9 damage)
             ... on level 6 of the Dungeon.
             The game lasted 00:06:17 (3041 turns).

sanka the Cudgeller (Gnoll Cinder Acolyte)          Turns: 3041, Time: 00:06:17

HP:   -4/48 (53)    AC:  3    Str: 13    XL:     6   Next: 0%
MP:   10/10         EV: 12    Int: 20    God:    Ignis [*****.]
Gold: 214           SH:  0    Dex: 10    Spells: 9/11 levels left

rFire   + + .      SeeInvis .   j - +3 hand axe of the Thieving Enemy {drain, *Corrode rF+ Int+4 Dex+3}
rCold   . . .      Faith    .   (no shield)
rNeg    . . .      Spirit   .   b - +0 robe
rPois   .          Reflect  .   n - +0 helmet
rElec   .          Harm     .   (no cloak)
rCorr   .          Rampage  .   (no gloves)
Will    .....                   (no boots)
Stlth   ++........              (no amulet)
HPRegen 0.16/turn               (no ring)
MPRegen 0.12/turn               (no ring)

@: drained
A: fangs 1, strong nose, distributed training
a: Renounce Religion, Fiery Armour, Foxfire Swarm, Rising Flame


You were on level 6 of the Dungeon.
You worshipped Ignis.
Ignis was extremely pleased with you.
You visited 1 branch of the dungeon, and saw 4 of its levels.
You also visited: Sewer.

You collected 214 gold pieces.


Innate Abilities, Weirdness & Mutations

You have very sharp teeth.
Your uncanny sense of smell can sniff out nearby items.
Your experience applies equally to all skills.


   Skills:
 + Level 6.7 Fighting
 + Level 1.7 Short Blades
 + Level 1.7 Long Blades
 + Level 1.7 Axes
 + Level 6.7 Maces & Flails
 + Level 1.7 Polearms
 + Level 1.7 Staves
 + Level 1.7 Slings
 + Level 1.7 Bows
 + Level 1.7 Crossbows
 + Level 1.7 Throwing
 + Level 1.7 Armour
 + Level 1.7 Dodging
 + Level 1.7 Stealth
 + Level 1.7 Shields
 + Level 1.7 Unarmed Combat
 + Level 3.3 Spellcasting
 + Level 1.3 Conjurations
 + Level 1.3 Hexes
 + Level 1.3 Summonings
 + Level 1.3 Necromancy
 + Level 1.3 Translocations
 + Level 1.3 Transmutations
 + Level 5.6 Fire Magic
 + Level 1.3 Ice Magic
 + Level 1.3 Air Magic
 + Level 1.3 Earth Magic
 + Level 1.3 Poison Magic
 + Level 1.9 Invocations
 + Level 1.7 Evocations


You had 9 spell levels left.
You knew the following spells:

 Your Spells              Type           Power      Damage    Failure   Level
y - Scorch                Fire           50%        2d7       1%          2

Your spell library contained the following spells:

 Spells                   Type           Power      Damage    Failure   Level
 Summon Small Mammal      Summ           32%        N/A       8%          1
 Call Canine Familiar     Summ           8%         N/A       24%         3
 Summon Guardian Golem    Hex/Summ       8%         N/A       24%         3

Inventory:

Hand Weapons
 a - a -1 mace of flaming
 j - the +3 hand axe of the Thieving Enemy (weapon) {drain, *Corrode rF+ Int+4 Dex+3} A truly terrible weapon, it drains the life of any living foe it strikes. Int: It affects your intelligence (+4). Dex: It affects your dexterity (+3). rF: It protects you from fire. *Corrode: It may corrode you when you take damage.
Armour
 b - a +0 robe (worn)
 n - a +0 helmet (worn)
Magical Staves
 l - a staff of cold
Scrolls
 e - a scroll of acquirement
 i - a scroll of magic mapping {unknown}
 m - 2 scrolls of enchant weapon
 r - a scroll of immolation {unknown}
 s - a scroll of blinking {unknown}
Potions
 c - 2 potions of curing {unknown}
 d - 2 potions of might {unknown}
 g - a potion of heal wounds {unknown}
 h - 2 potions of attraction {unknown}
 k - 2 potions of haste {unknown}
 o - a potion of degeneration {unknown}
 p - a potion of mutation {unknown}

Dungeon Overview and Level Annotations

Branches:
Dungeon (6/15)              Sewer (visited)
 Temple: D:4-7

Altars:
Ashenzari
Makhleb
Ru

Shops:
D:1 ( D:2

? ▒▒.▒▒▒▒▒▒▒▒▒▒▒▒▒▒▒▒▒
▒....£..............
▒...................
▒...................
▒...=........:......
▒......z..z.........
▒........z..S.......
▒▒▒▒▒.....z.....g.......
Y.z....£................
▒▒▒▒▒...................
▒...................
▒...................
▒...................
▒...................
▒▒▒▒▒........^..........
.Y.Y.Y.>..............


You could see 4 wights and an adder.


Message History

The yak closely misses you. The wight closely misses you.
The yak closely misses you.
Unknown command.
Unknown command.
Unknown command.
You completely miss the yak.
The yak is moderately wounded.
You hit the wight but do no damage.
Your surroundings suddenly seem different.
A wight and an adder come into view.
Found 12 gold pieces, an agate ring and a book of Air.
Unknown command.
Unknown command.
The wight hits you from afar with a +4 spear!
The adder bites you but does no damage. The adder bites you.
The wight hits you from afar with a +4 spear!
* * * LOW HITPOINT WARNING * * *
You feel drained.
* * * LOW HITPOINT WARNING * * *
The adder closely misses you. The adder bites you.
* * * LOW HITPOINT WARNING * * *
The wight hits you from afar with a +4 spear!
* * * LOW HITPOINT WARNING * * *
You feel drained.
* * * LOW HITPOINT WARNING * * *
The wight hits you from afar with a +4 spear!
You die...

Action                   |  1- 3 |  4- 6 || total
-------------------------+-------+-------++-------
Melee: Mace              |   103 |     6 ||   109
       Bite              |     4 |     3 ||     7
       Hand axe          |       |    58 ||    58
 Cast: Scorch            |     2 |    13 ||    15
  Use: Scroll            |       |     4 ||     4
 Stab: Sleeping          |       |     2 ||     2
Armor: Robe              |    18 |    10 ||    28
Dodge: Dodged            |    65 |    37 ||   102

Levels and vault maps discovered:
D:1:      beargit_arrival_greenhouse, layout_basic,
          hellmonk_ecumenical_altar_inner_sanctum, serial_shops,
          nicolae_shop_advertising_works [nicolae_subvault_shop_adworks]
D:2:      layout_basic, serial_shops, nicolae_shop_trees,
          kennysheep_generic_room_7
D:3:      layout_basic, mainiacjoe_overflow_chevrons, jmf_multi_god_temple,
          cheibrodos_sewer_entry_drain, mrwooster_statue_mirror
D:6:      wad_river_or_something, layout_basic, uniq_grinder

Notes
Turn   | Place    | Note
-------+----------+-------------------------------------------
     0 | D:1      | sanka the Gnoll Cinder Acolyte began the quest for the Orb.
     0 | D:1      | Reached XP level 1. HP: 23/23 MP: 4/4
   145 | D:1      | Reached XP level 2. HP: 24/29 MP: 5/5
   514 | D:1      | Learned a level 2 spell: Scorch
   520 | D:1      | Reached XP level 3. HP: 35/35 MP: 7/7
   543 | D:1      | Found a faded altar of an unknown god.
  1067 | D:1      | Found Jenua's Weapon Shoppe.
  1368 | D:2      | Reached skill level 1 in Invocations
  1692 | D:2      | Found Eruofadd's Magic Scroll Emporium.
  1760 | D:2      | Reached skill level 1 in Short Blades
  1760 | D:2      | Reached skill level 1 in Long Blades
  1760 | D:2      | Reached skill level 1 in Axes
  1760 | D:2      | Reached skill level 1 in Polearms
  1760 | D:2      | Reached skill level 1 in Staves
  1760 | D:2      | Reached skill level 1 in Slings
  1760 | D:2      | Reached skill level 1 in Bows
  1760 | D:2      | Reached skill level 1 in Crossbows
  1760 | D:2      | Reached skill level 1 in Throwing
  1760 | D:2      | Reached skill level 1 in Armour
  1760 | D:2      | Reached skill level 1 in Dodging
  1760 | D:2      | Reached skill level 1 in Stealth
  1760 | D:2      | Reached skill level 1 in Shields
  1760 | D:2      | Reached skill level 1 in Unarmed Combat
  1760 | D:2      | Reached skill level 1 in Evocations
  1896 | D:2      | Reached XP level 4. HP: 35/41 MP: 8/8
  2095 | D:2      | Identified the +3 hand axe of the Thieving Enemy {drain,
                  | *Corrode rF+ Int+4 Dex+3}
  2282 | D:3      | Found a sacrificial altar of Ru.
  2290 | D:3      | Noticed a scorpion
  2309 | D:3      | Killed a scorpion
  2310 | D:3      | Reached skill level 3 in Spellcasting
  2310 | D:3      | Reached skill level 1 in Conjurations
  2310 | D:3      | Reached skill level 1 in Hexes
  2310 | D:3      | Reached skill level 1 in Summonings
  2310 | D:3      | Reached skill level 1 in Necromancy
  2310 | D:3      | Reached skill level 1 in Translocations
  2310 | D:3      | Reached skill level 1 in Transmutations
  2310 | D:3      | Reached skill level 1 in Ice Magic
  2310 | D:3      | Reached skill level 1 in Air Magic
  2310 | D:3      | Reached skill level 1 in Earth Magic
  2310 | D:3      | Reached skill level 1 in Poison Magic
  2310 | D:3      | Reached XP level 5. HP: 43/47 MP: 2/9
  2336 | D:3      | Found a burning altar of Makhleb.
  2337 | D:3      | Found a broken altar of Ashenzari.
  2495 | D:3      | Found a glowing drain.
  2518 | Sewer    | Entered a sewer
  2879 | Sewer    | Reached XP level 6. HP: 52/53 MP: 10/10
  2998 | D:6      | Noticed a yak
  2998 | D:6      | Noticed a yak
  2998 | D:6      | Noticed a yak
  2998 | D:6      | Noticed a yak
  2998 | D:6      | Noticed a yak
  2998 | D:6      | Noticed a yak
  3028 | D:6      | Identified a scroll of acquirement
  3041 | D:6      | Slain by a wight

Vanquished Creatures
  A scorpion (D:3)
  4 adders
  5 river rats (Sewer)
  A worm (D:2)
  2 dart slugs
  An orc (D:3)
  4 bats
  3 endoplasms
  5 giant cockroaches
  6 goblins
  10 hobgoblins
  7 kobolds
  3 quokkas
  9 ball pythons
  7 frilled lizards
  7 rats
75 creatures vanquished.
